 Dungeon Crawl Stone Soup version 0.28-a0-8-g6e044cfa68 (webtiles) character file.

Game seed: 12069809244615679377

46 jt the Skirmisher (level 3, 0/31 HPs)
             Began as a Palentonga Fighter on July 24, 2021.
             Was an Initiate of Ru.
             Succumbed to an adder's poison
             ... on level 2 of the Dungeon.
             The game lasted 00:04:19 (1581 turns).

jt the Skirmisher (Palentonga Fighter)              Turns: 1581, Time: 00:04:20

Health: 0/31       AC: -1    Str: 20    XL:     3   Next: 44%
Magic:  3/3        EV:  5    Int:  8    God:    Ru [......]
Gold:   12         SH:  8    Dex:  7    Spells: 2/2 levels left

rFire   . . .      SeeInvis +   a - +0 war axe
rCold   . . .      Faith    .   c - +0 kite shield
rNeg    . . .      Spirit   .   q - +0 scale mail
rPois   .          Reflect  .   (no helmet)
rElec   .          Harm     .   (no cloak)
rCorr   .          Rampage  .   (no gloves)
Will    .....                   (no barding)
Stlth   ..........              (no amulet)
HPRegen 0.10/turn               o - +4 ring of protection
MPRegen 0.08/turn               (no ring)

@: lethally poisoned (0 -> -2), corroded
A: large, rugged brown scales 3, see invisible, clumsy 1, deformed body, roll 1,
armoured tail
a: Rolling Charge, Renounce Religion


You were on level 2 of the Dungeon.
You worshipped Ru.
Ru was noncommittal.
You visited 1 branch of the dungeon, and saw 2 of its levels.

You collected 12 gold pieces.

Inventory:

Hand Weapons
 a - a +0 war axe (weapon)
 f - a +1 dagger of flaming
 h - a +0 hunting sling
Missiles
 e - 51 arrows
 g - 96 stones
 m - 17 bolts
 n - 19 sling bullets
Armour
 c - a +0 kite shield (worn)
 k - a +0 chain mail
 q - a +0 scale mail (worn)
Jewellery
 o - a +4 ring of protection (left hand)
Scrolls
 b - a scroll of acquirement
 l - a scroll of magic mapping
Potions
 d - a potion of might
 i - a potion of heal wounds {unknown}
 j - 2 potions of mutation {unknown}
 p - a potion of curing {unknown}
 r - a potion of magic {unknown}


   Skills:
 - Level 3.0 Fighting
 + Level 2.9 Axes
 - Level 2.6 Armour
 + Level 3.0 Shields


You had 2 spell levels left.
You didn't know any spells.
Your spell library was empty.

Dungeon Overview and Level Annotations

Branches:
Dungeon (2/15)

Altars:
Ru


Innate Abilities, Weirdness & Mutations

You are completely covered in rugged brown scales. (AC +3, +7% HP)
You have supernaturally acute eyesight. (SInv)
You are clumsy. (Dex -2)
Armour fits poorly on your strangely shaped body.
You can roll at nearby foes to attack.
You have a long armoured tail.


Message History

A frilled lizard comes into view.
You see here a stone.
g - 96 stones (gained 1)
The adder bites you but does no damage.
A jelly comes into view.
The adder bites you but does no damage.
You miss the adder.
The jelly quivers.
The adder bites you. The adder bites you but does no damage.
You barely miss the adder. The adder bites you but does no damage.
You block the adder's attack.
You closely miss the adder. You hit the frilled lizard.
You kill the frilled lizard!
The adder bites you but does no damage. You block the adder's attack.
You miss the adder. You tail-slap the adder!
The adder is severely wounded.
The adder bites you but does no damage. The adder bites you.
You barely miss the adder.
Your tail-slap misses the adder.
The adder is severely wounded.
You hit the jelly. The acid corrodes you!
Your hands burn!
The jelly hits you but does no damage. The adder bites you but does no damage.
The jelly barely misses you. You block the adder's attack.
You miss the adder.
The adder is severely wounded.
You hit the jelly. The acid corrodes you!
Your hands burn!
The adder bites you.
You are poisoned.
The adder poisons you! You block the jelly's attack. The adder bites you.
You miss the adder.
The adder is severely wounded.
You barely miss the jelly.
You feel sick. The jelly hits you but does no damage.
The adder completely misses you. The jelly hits you. The acid corrodes you!
You are splashed with acid!
* * * LOW HITPOINT WARNING * * *
The adder bites you.
* * * LOW HITPOINT WARNING * * *
* * * LOW HITPOINT WARNING * * *
You feel sick.
As you read the scroll labelled JETZAA LIECUMN, it crumbles to dust.
You feel aware of your surroundings.
It was a scroll of magic mapping.
You die...

.#...........#.......#
##...........#.......#
*#...........###..#..#
*##.......#### ##.##.#
,*#.......# #.##.# ,,#.......#
#.##.# *..#.#..### #..#.#
*#...###** ###.#.#******
,#..,,,,.#######@....#..,,,**
,..,***,.......J.........,,,**
*,,** *,......†S..........,,,*
,,,,* *,..................,,,*
,,,,***,..................,,,*
**,,,,*,..................,,,*
*,,,,,,..................,,,*
*,,,,*,.................,,,,*
*,,,,**#######.........,,,,**


You could see a jelly and an adder.

Vanquished Creatures
  A dart slug (D:1)
  A ball python (D:1)
  2 bats (D:1)
  4 endoplasms (D:1)
  2 giant cockroaches (D:1)
  5 goblins
  5 hobgoblins
  4 jackals (D:1)
  3 quokkas
  4 frilled lizards
  3 kobolds (D:1)
  3 rats (D:1)
37 creatures vanquished.

Notes
Turn   | Place    | Note
-------+----------+-------------------------------------------
     0 | D:1      | jt the Palentonga Fighter began the quest for the Orb.
     0 | D:1      | Reached XP level 1. HP: 19/19 MP: 1/1
   305 | D:1      | Reached XP level 2. HP: 12/25 MP: 2/2
   975 | D:1      | Reached XP level 3. HP: 31/31 MP: 3/3
  1084 | D:1      | Found a faded altar of an unknown god.
  1087 | D:1      | Became a worshipper of Ru the Awakened
  1102 | D:1      | Gained mutation: You are clumsy. (Dex -2) [Ru sacrifice]
  1272 | D:2      | Identified a scroll of acquirement
  1580 | D:2      | HP: 1/31 [poisoned by an adder]
  1581 | D:2      | Succumbed to an adder's poison

Illustrated notes

Levels and vault maps discovered:
D:1:      psy_arrival_whirlpool, layout_basic,
          hellmonk_ecumenical_altar_inner_sanctum
D:2:      layout_rooms, uniq_natasha, uniq_sigmund

Skill      XL: |  1  2  3 |
---------------+----------+-----
Shields        | 3 |  3.0
Fighting       | |  3.0
Axes           | |  2.9
Armour         | |  2.6

Action                   || total
-------------------------++-------
Melee: War axe           ||   109
       Tailslap          ||    12
 Fire: Hunting sling     ||     3
Invok: Sacrifice Purity  ||     1
 Abil: Rolling Charge    ||    13
  Use: Scroll            ||     1
Armor: Scale mail        ||    53
       Chain mail        ||    17
Dodge: Dodged            ||    31
Block: Kite shield       ||    55

Table legend: (Time is in decaauts)
 A = Elapsed time spent in this place.
 B = Non-inter-level travel time spent in this place.
 C = Inter-level travel time spent in this place.
 D = Time resting spent in this place.
 E = Time spent auto-exploring this place.
 F = Levels seen in this place.
 G = Mean time per level.
                   A        B        C        D        E       F      G
               +--------+--------+--------+--------+--------+-----+--------+
         Total |   1648 |   1577 |     71 |    517 |    554 |   2 |  824.0 |
       Dungeon |   1648 |   1577 |     71 |    517 |    554 |   2 |  824.0 |
               +--------+--------+--------+--------+--------+-----+--------+

Top non-repeatable levels by time:
     D:1: 1383 daAuts
     D:2: 265 daAuts
